 Dungeon Crawl Stone Soup version 0.28-a0-794-gafe8c5f9e9 (webtiles) character file.

Game seed: 14415794522826354633

6400 ryw the Grappler (level 10, -11/100 HPs)
             Began as a Troll Cinder Acolyte on Nov 5, 2021.
             Was a High Priest of Ignis.
             Mangled by a naga warrior (16 damage)
             ... on level 3 of the Abyss.
             The game lasted 00:15:28 (7246 turns).

ryw the Grappler (Troll Cinder Acolyte)             Turns: 7246, Time: 00:15:28

Health: -11/100    AC: 10    Str: 25    XL:     10   Next: 66%
Magic:  12/12      EV:  8    Int: 10    God:    Ignis [*****.]
Gold:   446        SH:  6    Dex:  7    Spells: 11/13 levels left

rFire   + . .      SeeInvis .     - Unarmed
rCold   . . .      Faith    .   g - +0 kite shield
rNeg    . . .      Spirit   .   s - +0 acid dragon scales
rPois   .          Reflect  .   a - +2 hat
rElec   .          Harm     .   (no cloak)
rCorr   +          Rampage  .   (gloves unavailable)
Will    .....                   (boots unavailable)
Stlth   +.........              (no amulet)
HPRegen 1.26/turn               (no ring)
MPRegen 0.13/turn               (no ring)

@: about to teleport
A: large, unfitting armour, claws 3, regeneration 1, shaggy fur 1, tough skin 1
a: Renounce Religion, Sea of Fire, Foxfire Swarm, Rising Flame


You were on level 3 of the Abyss.
You worshipped Ignis.
Ignis was extremely pleased with you.
You visited 1 branch of the dungeon, and saw 9 of its levels.
You visited the Abyss 1 time.

You collected 446 gold pieces.

Inventory:

Missiles
 c - 30 poisoned darts
 v - 5 javelins (quivered)
Armour
 a - a +2 hat (worn)
 g - a +0 kite shield (worn)
 s - +0 acid dragon scales (worn)
 x - a +2 robe of positive energy
Wands
 f - a wand of flame (12)
 i - a wand of mindburst (15)
Scrolls
 d - 3 scrolls of amnesia
 q - 4 scrolls of teleportation
 r - 2 scrolls of fear
 t - 2 scrolls of identify
 u - 3 scrolls of blinking
 w - a scroll of holy word
Potions
 b - 4 potions of curing
 e - 2 potions of might
 h - 3 potions of lignification {unknown}
 j - a potion of mutation
 k - 3 potions of attraction {unknown}
 l - 2 potions of degeneration {unknown}
 m - 3 potions of invisibility {unknown}
 n - 2 potions of flight {unknown}
 o - 2 potions of ambrosia
 p - 3 potions of magic


   Skills:
 + Level 6.3 Fighting
 + Level 2.5 Armour
 - Level 7.0 Dodging
 + Level 1.0 Shields
 * Level 10.3 Unarmed Combat
 + Level 2.2 Spellcasting
 * Level 4.3 Fire Magic


You had 11 spell levels left.
You knew the following spells:

 Your Spells              Type           Power      Damage    Failure   Level
a - Scorch                Fire           18%        2d6       47%         2

Your spell library contained the following spells:

 Spells                   Type           Power      Damage    Failure   Level
 Pain                     Necr           4%         1d4       91%         1
 Ensorcelled Hibernation  Hex/Ice        2%         N/A       97%         2
 Spider Form              Tmut/Pois      1%         N/A       99%         3
 Agony                    Necr           1%         N/A       100%        5
 Excruciating Wounds      Necr           0%         N/A       100%        5


Dungeon Overview and Level Annotations

Branches:
Dungeon (9/15)             Temple (0/1) D:6             Orc (0/2) D:9
   Lair: D:8-11

Altars:
Ashenzari
Dithmenos
Elyvilon
Gozag
Okawaru
Sif Muna
The Shining One

Shops:
D:8 *


Innate Abilities, Weirdness & Mutations

You are too large for most types of armour.
You have claws for hands.
Your natural rate of healing is unusually fast.
You are covered in fur. (AC +1)
You have tough skin. (AC +1)


Message History

The earth elemental completely resists.
The fireball engulfs you! You resist.
You scratch the earth elemental but do no damage.
The earth elemental is severely damaged.
The earth elemental hits you!!
You mangle the earth elemental!!
You destroy the earth elemental!
The earth elemental disappears in a puff of smoke!
A naga warrior comes into view. It is wielding a +0 halberd.
The naga warrior shouts!
The naga warrior roars a battlecry!
The naga warrior goes into a battle-frenzy!
The deep elf elementalist hits you but does no damage.
The deep elf elementalist casts a spell at you.
Some walls begin to move on their own!
The deep elf elementalist points next to you and mumbles some strange words.
Some walls begin to move on their own!
You hear a roar!
You hear a bark!
The guardian serpent coils itself and waves its upper body at you.
The deep elf elementalist blinks!
The naga warrior blinks into view!
The earth elemental blinks! x2
You scratch the earth elemental but do no damage.
You block the deep elf elementalist's attack.
You block the earth elemental's attack. The naga warrior barely misses you.
The naga warrior completely misses you.
The deep elf elementalist gestures at you while chanting.
Some walls begin to move on their own!
You miss the deep elf elementalist.
The deep elf elementalist hits you with a +0 rapier!
The naga warrior hits you with a +0 halberd!!
The naga warrior completely misses you.
Unknown command.
As you read the scroll of teleportation, it crumbles to dust.
You feel strangely unstable.
You feel the power of the Abyss delaying your translocation!
The deep elf elementalist hits you with a +0 rapier!
* * * LOW HITPOINT WARNING * * *
The earth elemental hits you!!
* * * LOW HITPOINT WARNING * * *
The naga warrior hits you with a +0 halberd!
You die...

#### #..##
#####..####
.#.# .#NE#####
#....##.#@eE..#
# ..#..EE######
#..#N#.S..#
####.##ยง#E#
... ..###
##.#..#### ..#
. #. N## ....#
N # .....#


You could see 2 naga warriors, a deep elf elementalist (fast, repels missiles),
4 earth elementals and a guardian serpent.

Vanquished Creatures
  The ghost of jasper the Carver, a novice DsCA of Ignis (D:8)
  The ghost of pigah the Thaumaturge, a novice OpWn of Sif Muna (D:8)
  The ghost of Pooter the Cleaver, a novice MiBe of Trog (D:8)
  A gargoyle (D:6)
  Maggie (D:7)
  A vampire (D:7)
  5 yaks
  2 steam dragons
  2 wargs (D:9)
  A water moccasin (D:7)
  4 orc warriors (D:9)
  An ice beast (D:7)
  2 sky beasts
  2 black bears
  2 phantoms
  4 centaurs
  2 ogres
  A kobold brigand (D:9)
  2 scorpions
  A water moccasin zombie (D:5)
  A wyvern skeleton (D:5)
  5 howler monkeys (D:8)
  A jelly (D:4)
  2 centaur skeletons
  6 hounds
  2 orc priests
  4 orc wizards
  A hound skeleton (D:4)
  A howler monkey zombie (D:6)
  6 adders
  A white imp (D:6)
  An adder zombie (D:5)
  A worm (D:3)
  A dart slug (D:2)
  31 orcs
  A ball python (D:2)
  4 bats
  An endoplasm (D:2)
  6 giant cockroaches
  5 goblins
  6 hobgoblins
  2 quokkas
  4 frilled lizards
  9 kobolds
  A quokka skeleton (D:4)
  12 rats
152 creatures vanquished.

Vanquished Creatures (others)
  Psyche (D:8)
  4 withered plants (D:8)
5 creatures vanquished.

Grand Total: 157 creatures vanquished

Notes
Turn   | Place    | Note
-------+----------+-------------------------------------------
     0 | D:1      | ryw the Troll Cinder Acolyte began the quest for the Orb.
     0 | D:1      | Reached XP level 1. HP: 22/22 MP: 1/1
    92 | D:1      | Reached XP level 2. HP: 29/29 MP: 2/2
   349 | D:1      | Found a faded altar of an unknown god.
   572 | D:2      | Reached skill level 1 in Dodging
   711 | D:2      | Reached XP level 3. HP: 36/36 MP: 3/3
  1526 | D:3      | Reached XP level 4. HP: 44/44 MP: 4/4
  1726 | D:3      | Reached skill level 4 in Unarmed Combat
  1769 | D:3      | Noticed a phantom
  1795 | D:3      | Killed a phantom
  1796 | D:3      | Reached XP level 5. HP: 47/53 MP: 5/5
  2165 | D:4      | Found a shadowy altar of Dithmenos.
  2405 | D:4      | Reached XP level 6. HP: 61/61 MP: 6/6
  2585 | D:4      | Reached skill level 5 in Unarmed Combat
  2647 | D:4      | Found a white marble altar of Elyvilon.
  2895 | D:5      | Entered Level 5 of the Dungeon
  2929 | D:5      | Found a shimmering blue altar of Sif Muna.
  3037 | D:5      | Noticed a sky beast
  3060 | D:5      | Killed a sky beast
  3061 | D:5      | Reached XP level 7. HP: 42/68 MP: 7/7
  3239 | D:5      | Reached skill level 6 in Unarmed Combat
  3699 | D:6      | Noticed a gargoyle
  3719 | D:6      | Killed a gargoyle
  3720 | D:6      | Reached skill level 5 in Dodging
  3720 | D:6      | Reached skill level 7 in Unarmed Combat
  3720 | D:6      | Reached XP level 8. HP: 43/79 MP: 8/8
  3857 | D:5      | Reached skill level 5 in Fighting
  3857 | D:5      | Reached skill level 8 in Unarmed Combat
  3857 | D:5      | Reached XP level 9. HP: 27/88 MP: 9/9
  4105 | D:6      | Found a staircase to the Ecumenical Temple.
  4345 | D:7      | Noticed Maggie
  4358 | D:7      | Killed Maggie
  4837 | D:7      | Reached skill level 9 in Unarmed Combat
  5153 | D:7      | Learned a level 2 spell: Scorch
  5222 | D:8      | Found a glowing golden altar of the Shining One.
  5222 | D:8      | Found an opulent altar of Gozag.
  5432 | D:8      | Found Mituwnac's Elemental Accessories.
  5515 | D:8      | Noticed Psyche
  5526 | D:8      | Killed Psyche
  5527 | D:8      | Reached skill level 1 in Armour
  5901 | D:8      | Found a runed translucent gate.
  5901 | D:8      | Found a runed translucent gate.
  5902 | D:8      | Found a runed translucent gate.
  5902 | D:8      | Noticed jasper's ghost (novice DsCA)
  5902 | D:8      | Noticed pigah's ghost (novice OpWn)
  5903 | D:8      | Noticed Pooter's ghost (novice MiBe)
  5930 | D:8      | Killed pigah's ghost
  5931 | D:8      | Reached XP level 10. HP: 52/98 MP: 11/11
  5950 | D:8      | Killed jasper's ghost
  5957 | D:8      | Killed Pooter's ghost
  5958 | D:8      | Reached skill level 10 in Unarmed Combat
  6221 | D:9      | Found a broken altar of Ashenzari.
  6275 | D:9      | Found an iron altar of Okawaru.
  6413 | D:9      | Found a staircase to the Orcish Mines.
  6734 | D:9      | Reached skill level 1 in Shields
  7045 | D:9      | Noticed a wizard
  7046 | D:9      | Cast into level 3 of the Abyss (a wizard)
  7084 | Abyss:3  | Noticed a thrashing horror
  7084 | Abyss:3  | Noticed a thrashing horror
  7084 | Abyss:3  | Noticed a thrashing horror
  7084 | Abyss:3  | Noticed a daeva
  7089 | Abyss:3  | Noticed a starcursed mass
  7095 | Abyss:3  | Noticed a wretched star
  7228 | Abyss:3  | Noticed a deep elf elementalist
  7229 | Abyss:3  | Noticed a guardian serpent
  7230 | Abyss:3  | Noticed a salamander
  7231 | Abyss:3  | Noticed a naga warrior
  7241 | Abyss:3  | Noticed a naga warrior
  7246 | Abyss:3  | HP: 5/100 [earth elemental[a deep elf elementalist] (20)]
  7246 | Abyss:3  | Mangled by a naga warrior

Illustrated notes

Levels and vault maps discovered:
D:1:      erik_arrival_orb_chamber, layout_loops_ring,
          shapermc_ecumenical_altar_hornbeckon, minmay_misc_feat_plants
D:2:      layout_basic, serial_glass, glass_columns_c, glass_columns_b,
          glass_columns_b, glass_columns_b, due_unseen_surprise,
          item_on_display_a, feat_on_display, item_on_display_a, dk_vineyard_1,
          minmay_small_reverse_x
D:3:      layout_loops_ring
D:4:      layout_basic, grunt_dithmenos_smoke_and_mirrors, kennysheep_mini_moat
D:5:      layout_loops_cross, mainiacjoe_overflow_boulevard
D:6:      layout_cave_pools, lemuel_temple_firewalk_a
D:7:      layout_basic, uniq_maggie
D:8:      layout_loops_ring, amethyst_overflow_temple_binary,
          gammafunk_ghost_cemetery, chequers_garden, nicolae_elemental_shop,
          minmay_misc_feat_pillars, uniq_psyche
D:9:      layout_irregular_city, evilmike_ruin_ashenzari,
          mainiacjoe_overflow_chevrons, david_orc_1_choice, lightli_wizard_tower
Abyss:3:  base: D:9, evilmike_abyss_rune_ettins,
          hangedman_abyss_or_decor_passed, nicolae_abyss_rune_star_stuff

Skill      XL: |  1  2  3  4  5  6  7  8  9 10 |
---------------+-------------------------------+-----
Dodging        | 1 2 3 5 6 7 |  7.0
Unarmed Combat | 4 5 7 8 9 10 | 10.3
Fighting       | 3 4 5 6 |  6.3
Armour         | 1 2 |  2.5
Fire Magic     | 3 4 |  4.3
Spellcasting   | 2 |  2.2
Shields        | 1 |  1.0

Action                   |  1- 3 |  4- 6 |  7- 9 | 10-12 || total
-------------------------+-------+-------+-------+-------++-------
Melee: Unarmed           |    98 |   139 |   221 |    99 ||   557
       Punch             |       |     1 |     3 |     1 ||     5
Throw: Javelin           |       |       |       |     1 ||     1
Invok: Sea of Fire       |       |       |     1 |       ||     1
  Use: Scroll            |       |     6 |     4 |     7 ||    17
       Potion            |       |       |       |     5 ||     5
Armor: Robe              |    43 |    67 |    34 |       ||   144
       Acid dragon scale |       |       |    37 |    50 ||    87
Dodge: Dodged            |    35 |    60 |    86 |    30 ||   211
Block: Kite shield       |       |       |       |    21 ||    21

Table legend: (Time is in decaauts)
 A = Elapsed time spent in this place.
 B = Non-inter-level travel time spent in this place.
 C = Inter-level travel time spent in this place.
 D = Time resting spent in this place.
 E = Time spent auto-exploring this place.
 F = Levels seen in this place.
 G = Mean time per level.
                   A        B        C        D        E       F      G
               +--------+--------+--------+--------+--------+-----+--------+
         Total |   7207 |   6973 |    234 |    431 |   5108 |  10 |  720.7 |
       Dungeon |   7007 |   6773 |    234 |    369 |   5058 |   9 |  778.6 |
         Abyss |    200 |    200 |      0 |     62 |     50 |   1 |  200.0 |
               +--------+--------+--------+--------+--------+-----+--------+

Top non-repeatable levels by time:
     D:8: 951 daAuts
     D:9: 923 daAuts
     D:4: 891 daAuts
     D:2: 869 daAuts
     D:7: 861 daAuts
     D:5: 744 daAuts
     D:6: 635 daAuts
     D:3: 596 daAuts
     D:1: 533 daAuts
 Abyss:3: 200 daAuts
